 Dungeon Crawl Stone Soup version 0.30.1 (webtiles) character file.

Game seed: 5929365582728652888

72 Sanktem7 the Trooper (level 4, -2/40 HPs)
             Began as a Minotaur Fighter on July 7, 2023.
             Slain by a gnoll
             ... wielding a +0 spear
              (7 damage)
             ... on level 2 of the Dungeon.
             The game lasted 00:01:32 (966 turns).

Sanktem7 the Trooper (Minotaur Fighter)              Turns: 966, Time: 00:01:33

Health: -2/40      AC:  7    Str: 22    XL:     4   Next: 6%
Magic:  3/3        EV:  9    Int:  5    God:
Gold:   49         SH:  4    Dex: 10    Spells: 3/3 levels left

rFire   . . .        a - +0 war axe {axe}
rCold   . . .        c - +0 buckler
rNeg    . . .        b - +0 scale mail
rPois   .            (helmet restricted)
rElec   .            (no cloak)
rCorr   .            (no gloves)
SInv    .            (no boots)
Will    .....        (no amulet) Stlth
                     (no ring)
HPRegen 0.26/turn    (no ring)
MPRegen 0.08/turn

%: no passive effects
@: no status effects
A: horns 2, retaliatory headbutt
a: no special abilities


You were on level 2 of the Dungeon.
You visited 1 branch of the dungeon, and saw 2 of its levels.

You collected 49 gold pieces.


Innate Abilities, Weirdness & Mutations

You have a pair of horns on your head.
You reflexively headbutt those who attack you in melee.


   Skills:
 + Level 4.2 Fighting
 * Level 3.9 Axes
 + Level 4.2 Armour
 + Level 4.1 Shields


You had 3 spell levels left.
You didn't know any spells.
Your spell library contained the following spells:

 Spells                   Type           Power      Damage    Failure   Level
 Stone Arrow              Conj/Erth      0%         3d7       99%         3
 Animate Armour           Summ/Erth      0%         N/A       100%        4
 Lehudib's Crystal Spear  Conj/Erth      0%         10d2      100%        8

Inventory:

Hand Weapons
 a - a +0 war axe (weapon) {axe}
Missiles
 e - 16 stones (quivered) {throwing}
 j - 11 poisoned darts {throwing}
Armour
 b - a +0 scale mail (worn)
 c - a +0 buckler (worn)
Scrolls
 f - a scroll of identify {unknown}
 g - 2 scrolls of teleportation {unknown}
 i - a scroll of magic mapping {unknown}
 k - a scroll of silence {unknown}
Potions
 d - a potion of might
 h - a potion of attraction {unknown}
 l - 2 potions of curing {unknown}
 m - 2 potions of heal wounds {unknown}

Dungeon Overview and Level Annotations

Branches:
Dungeon (2/15) Zot: 11010

Altars:

######### ##### #.......>
#...#####.#####
###..@.†........#
#####.....))###.###.#
.........g..###.###.#
.####....g....#.#...###.##
###......†#.#.#.......
##..###........###.#.
#...# #......<....... .##
#...###..#...........
..[.##........##.....#.#..


You could see 2 gnolls.


Message History

You hit the endoplasm. The endoplasm freezes you.
You are frozen.
You block the goblin's attack.
A kobold comes into view. It is wielding a +0 club.
The endoplasm freezes you.
You are frozen.
The goblin hits you with a +0 club. 😕 HP[-8]
You take 8 damage, and now have 25/33 hp.
MASSIVE DAMAGE!! (PAUSE)
The kobold shouts!
You hit the endoplasm.
You kill the endoplasm!
You hit the goblin.
You kill the goblin!
You barely miss the goblin.
You hear a shout! x2
A goblin comes into view. It is wielding a +0 club.
You block the goblin's attack. 😕 HP[+1]
You hit the goblin but do no damage. You headbutt the goblin.
You kill the goblin!
You closely miss the kobold. Your headbutt misses the kobold.
You block the kobold's attack. The kobold hits you but does no damage.
You hit the kobold.
You kill the kobold!
A giant cockroach comes into view. 😕 HP[+1]
A gnoll comes into view. It is wielding a +0 flail.
The gnoll shouts!
The goblin hits you but does no damage.
Things that are here:
a +0 club {mace}; a kobold corpse You hit the goblin but do no damage.
The goblin hits you with a +0 club.
A gnoll comes into view. It is wielding a +0 halberd.
A gnoll comes into view. It is wielding a +0 spear. 😕 HP[-1]
You take 1 damage, and now have 26/33 hp.
You barely miss the goblin.
The gnoll shouts!
You headbutt the goblin.
You kill the goblin!
The gnoll hits you with a +0 flail! 😮 HP[-6]
You take 6 damage, and now have 20/33 hp.
You are too injured to fight recklessly!
You are too injured to fight recklessly!
You are too injured to fight recklessly!
You are too injured to fight recklessly!
You are too injured to fight recklessly!
You are too injured to fight recklessly!
You are too injured to fight recklessly!
Unknown command.
You slash the gnoll!
You headbutt the gnoll, but do no damage.
The gnoll hits you but does no damage.
You hit the gnoll but do no damage. You headbutt the gnoll.
The gnoll hits you but does no damage. The gnoll hits you with a +0 flail!
* * * LOW HITPOINT WARNING * * *
😨 HP[-8]
You take 8 damage, and now have 12/33 hp.
MASSIVE DAMAGE!! (PAUSE)
You slash the gnoll!
You kill the gnoll! 😨 HP[+1]
A gnoll comes into view. It is wielding a +0 spear.
The gnoll shouts!
The giant cockroach bites you but does no damage.
The gnoll hits you from afar with a +0 spear.
* * * LOW HITPOINT WARNING * * *
The giant cockroach bites you but does no damage.
Things that are here:
a +0 flail {mace}; a +0 club {mace}; a gnoll corpse 😨 HP[-3]
You take 3 damage, and now have 10/33 hp.
You closely miss the gnoll. You slash the giant cockroach!
You kill the giant cockroach!
The gnoll barely misses you.
The gnoll hits you from afar with a +0 spear.
* * * LOW HITPOINT WARNING * * *
😱 HP[-6]
You take 6 damage, and now have 4/33 hp.
You slash the gnoll! You block the gnoll's attack.
The gnoll hits you from afar with a +0 spear.
* * * LOW HITPOINT WARNING * * *
The gnoll closely misses you. The gnoll barely misses you. x2
You furiously retaliate!
You headbutt the gnoll!
You kill the gnoll!
You have reached level 4!
You feel agile. 😱 HP[-3] MP[+1]
You now have 40 max hp (+7).
Your mp is fully restored (3).
Things that are here:
a +0 club {mace}; a kobold corpse 😱 HP[+1] 😱 HP[+1] 😱 HP[+1]
There is a stone staircase leading up, spattered with blood here.
You see here a hobgoblin corpse.
The gnoll hits you from afar with a +0 spear!
You die...

Skill      XL: |  1  2  3 |
---------------+----------+-----
Axes           | 3 |  3.9
Fighting       | 4 |  4.2
Armour         | 4 |  4.2
Shields        | 4 |  4.1

Action                     |  1- 3 |  4- 6 || total
---------------------------+-------+-------++-------
  Melee: War axe           |    60 |       ||    60
         Headbutt          |     8 |       ||     8
 Armour: Scale mail        |    34 |       ||    34
  Dodge: Dodged            |    24 |       ||    24
  Block: Buckler           |    18 |       ||    18

Levels and vault maps discovered:
D:1:      shiori_arrival_maze, layout_basic
D:2:      layout_loops_ring

Notes
Turn   | Place    | Note
-------+----------+-------------------------------------------
     0 | D:1      | Sanktem7 the Minotaur Fighter began the quest for the Orb.
     0 | D:1      | Reached XP level 1. HP: 19/19 MP: 0/0
     0 | D:1      | magus.rc [v1.9.6]
   167 | D:1      | Reached XP level 2. HP: 24/27 MP: 1/1
   185 | D:1      | You pick up a book of Armaments and begin reading...
   185 | D:1      | You add the spells Stone Arrow, Animate Armour and
                  | Lehudib's Crystal Spear to your library.
   345 | D:1      | Reached skill level 3 in Axes
   841 | D:2      | Reached skill level 4 in Fighting
   841 | D:2      | Reached skill level 4 in Armour
   841 | D:2      | Reached XP level 3. HP: 17/33 MP: 2/2
   842 | D:2      | Reached skill level 4 in Shields
   950 | D:2      | HP: 4/33 [gnoll/+0 spear (6)]
   951 | D:2      | HP: 1/33 [gnoll/+0 spear (4)]
   952 | D:2      | Reached XP level 4. HP: 1/40 MP: 3/3
   966 | D:2      | Slain by a gnoll

Vanquished Creatures
  2 gnolls (D:2)
  An adder (D:2)
  6 endoplasms
  A giant cockroach (D:2)
  6 hobgoblins
  3 jackals (D:1)
  3 kobolds
  A quokka (D:2)
  2 ball pythons
  2 bats
  A frilled lizard (D:2)
  7 goblins
  6 rats
41 creatures vanquished.

Table legend:
 A = Non-vault XP
 B = Vault XP
 C = Vault XP percentage of total XP
 D = Non-vault monster count
 E = Vault monster count
 F = Vault count percentage of total count
                 A         B        C        D         E       F
            +---------+---------+-------+---------+---------+-------
      Total |      99 |       4 |   3.9 |      39 |       2 |   4.9
            +---------+---------+-------+---------+---------+-------
        D:1 |      28 |       4 |  12.5 |      19 |       2 |   9.5
        D:2 |      71 |       0 |   0.0 |      20 |       0 |   0.0
            +---------+---------+-------+---------+---------+-------

Skill      XL: |  1  2  3 |
---------------+----------+-----
Axes           | 3 |  3.9
Fighting       | 4 |  4.2
Armour         | 4 |  4.2
Shields        | 4 |  4.1

Action                     |  1- 3 |  4- 6 || total
---------------------------+-------+-------++-------
  Melee: War axe           |    60 |       ||    60
         Headbutt          |     8 |       ||     8
 Armour: Scale mail        |    34 |       ||    34
  Dodge: Dodged            |    24 |       ||    24
  Block: Buckler           |    18 |       ||    18

Illustrated notes

Table legend:
 A = Kills in this place as a percentage of kills in the entire game.
 B = Kills by you in this place as a percentage of kills by you in the entire game.
 C = Kills by friends in this place as a percentage of kills by friends in the entire game.
 D = Other kills in this place as a percentage of other kills in the entire game.
 E = Experience gained in this place as a percentage of experience gained in the entire game.
 F = Experience gained in this place divided by the number of levels of this place that you have seen.
                   A       B       C       D       E      F
               +-------+-------+-------+-------+-------+----------------------
         Total | 100.0 | 100.0 |   N/A |   N/A | 100.0 |  51.5
       Dungeon | 100.0 | 100.0 |   N/A |   N/A | 100.0 |  51.5
               +-------+-------+-------+-------+-------+----------------------

Table legend: (Time is in decaauts)
 A = Elapsed time spent in this place.
 B = Non-inter-level travel time spent in this place.
 C = Inter-level travel time spent in this place.
 D = Time resting spent in this place.
 E = Time spent auto-exploring this place.
 F = Levels seen in this place.
 G = Mean time per level.
                   A        B        C        D        E       F      G
               +--------+--------+--------+--------+--------+-----+--------+
         Total |    989 |    979 |     10 |      0 |    793 |   2 |  494.5 |
       Dungeon |    989 |    979 |     10 |      0 |    793 |   2 |  494.5 |
               +--------+--------+--------+--------+--------+-----+--------+

Top non-repeatable levels by time:
     D:1: 844 daAuts
     D:2: 145 daAuts
